 Dungeon Crawl Stone Soup version 0.30-a0-1059-g7dea3e163d (webtiles) character file.

Game seed: 16185170066570475861

9608 IndexError the Arsonist (level 11, -1/69 HPs)
             Began as a Gargoyle Fire Elementalist on Apr 12, 2023.
             Was an Initiate of Ashenzari.
             Slain by a troll (3 damage)
             ... on level 10 of the Dungeon.
             The game lasted 00:34:26 (11478 turns).

IndexError the Arsonist (GrFE)                     Turns: 11478, Time: 00:34:26

Health: -1/69      AC: 25    Str: 13    XL:     11   Next: 49%
Magic:  11/25      EV: 10    Int: 25    God:    Ashenzari [......]
Gold:   686        SH:  0    Dex: 10    Spells: 17/30 levels left

rFire   + + .      SeeInvis .    h - +2 dagger (venom)
rCold   . . .      Faith    .    (no shield)
rNeg    + + .      Spirit   .    Q - +5 ring mail of Aryrchen {+Blink rC+ Regen+}
rPois   ∞          Reflect  .    C - +0 helmet
rElec   +          Rampage  .    i - +1 cloak
rCorr   .                        o - +0 pair of gloves
Will    .....                    k - +2 pair of boots of the Shackled Prison {rF+ Regen+, Self, Elem} (curse)
Stlth   +                        z - amulet of magic regeneration
HPRegen 1.91/turn                B - ring of Dichaza {rPois rN+ Int+6}
MPRegen 0.59/turn                f - ring of fire {rF+, rC-}

@: no status effects
A: sickness immunity, AC +8, negative energy resistance 1, electricity
resistance, torment resistance 1, petrification resistance
a: Renounce Religion, Evoke Blink, Curse Item, Shatter the Chains


You were on level 10 of the Dungeon.
You worshipped Ashenzari.
Ashenzari was noncommittal.
You visited 3 branches of the dungeon, and saw 13 of its levels.
You also visited: Ossuary.

You collected 686 gold pieces.

Inventory:

Hand Weapons
 h - a +2 dagger of venom (weapon)
   (You took it off a kobold on level 1 of the Dungeon)
Missiles
 x - 2 atropa-tipped darts
Armour
 i - a +1 cloak (worn)
   (You found it on level 1 of the Dungeon)
 k - the cursed +2 pair of boots of the Shackled Prison (worn) {rF+ Regen+, Self, Elem}
   (You acquired it on level 6 of the Dungeon)

   rF:        It protects you from fire.
   Regen:     It increases your rate of health regeneration.
   It has a curse which improves the following skills: Introspection: Fighting
   and Spellcasting.
   Elements:  Fire Magic, Ice Magic, Air Magic and Earth Magic.
 o - a +0 pair of gloves (worn)
   (You found it on level 6 of the Dungeon)
 C - a +0 helmet (worn)
   (You found it on level 5 of the Dungeon)
 Q - the +5 ring mail of Aryrchen (worn) {+Blink rC+ Regen+}
   (You found it on level 9 of the Dungeon)

   rC:        It protects you from cold.
   +Blink:    It lets you blink.
   Regen:     It increases your rate of health regeneration.
Jewellery
 a - a ring of resist corrosion
   (You found it on level 6 of the Dungeon)
 f - a ring of fire (right hand) {rF+, rC-}
   (You found it on level 1 of the Dungeon)
 j - a ring of ice {rC+, rF-}
   (You found it on level 2 of the Dungeon)
 z - an amulet of magic regeneration (around neck)
   (You found it on level 4 of the Dungeon)
 B - the ring of Dichaza (left hand) {rPois rN+ Int+6}
   (You found it on level 5 of the Dungeon)

   [ring of intelligence]

   Int:       It affects your intelligence (+6).
   rPois:     It protects you from poison.
   rN:        It protects you from negative energy.
Wands
 m - a wand of charming (15)
   (You found it on level 7 of the Dungeon)
 v - a wand of acid (9)
   (You found it on level 3 of the Dungeon)
 E - a wand of mindburst (11)
   (You found it on level 7 of the Dungeon)
 I - a wand of iceblast (14)
   (You found it on level 7 of the Dungeon)
 P - a wand of polymorph (11)
   (You found it on level 9 of the Dungeon)
Scrolls
 d - a scroll of brand weapon
 g - 7 scrolls of fog
 l - 3 scrolls of fear
 r - 3 scrolls of magic mapping {!r}
 s - 4 scrolls of blinking {!r}
 w - 5 scrolls of teleportation
 y - a scroll of immolation {!r}
 F - a scroll of enchant weapon
 K - 2 scrolls of butterflies
 O - a scroll of vulnerability {!r!r}
Potions
 b - 2 potions of magic
 c - a potion of brilliance
 e - a potion of might
 n - 8 potions of curing
 p - 3 potions of lignification {!q}
 q - 5 potions of mutation {!q}
 t - 4 potions of heal wounds
 u - a potion of attraction {!q}
 A - 3 potions of flight {unknown}
 D - 2 potions of resistance
 G - a potion of ambrosia
 H - 2 potions of invisibility
 L - a potion of haste


   Skills:
 + Level 8.5(8.9) Fighting
 - Level 1.5 Dodging
 - Level 2.1 Stealth
 - Level 10.0(10.3) Spellcasting
 + Level 5.7 Conjurations
 - Level 10.0(10.4) Fire Magic
 + Level 4.5 Evocations


You had 17 spell levels left.
You knew the following spells:

 Your Spells              Type           Power      Damage    Failure   Level
a - Foxfire               Conj/Fire      100%       2x1d9     1%          1
b - Scorch                Fire           100%       2d9       1%          2
c - Volatile Blastmotes   Fire/Tloc      100%       2d18      3%          3
d - Flame Wave            Conj/Fire      68%        2d15      3%          4
e - Inner Flame           Hex/Fire       55%        N/A       3%          3

Your spell library contained the following spells:

 Spells                   Type           Power      Damage    Failure   Level
 Sticky Flame             Conj/Fire      68%        2d8       3%          4
 Wereblood                Tmut           12%        N/A       16%         2
 Summon Guardian Golem    Hex/Summ       12%        N/A       30%         3
 Petrify                  Tmut/Erth      13%        N/A       71%         4
 Summon Ice Beast         Ice/Summ       13%        N/A       71%         4
 Metabolic Englaciation   Hex/Ice        6%         N/A       96%         5
 Summon Mana Viper        Hex/Summ       12%        N/A       96%         5
 Simulacrum               Ice/Necr       6%         N/A       100%        6
 Ozocubu's Refrigeration  Ice            6%         4d8       100%        7
 Summon Hydra             Summ           6%         N/A       100%        7
 Borgnjor's Revivificati  Necr           6%         N/A       100%        8
 Necromutation            Tmut/Necr      6%         N/A       100%        8
 Death's Door             Necr           6%         N/A       100%        9
 Polar Vortex             Ice            6%         N/A       100%        9
 Sublimation of Blood     Necr           Unusable   N/A       N/A         2
 Statue Form              Tmut/Erth      Unusable   N/A       N/A         6

Dungeon Overview and Level Annotations

Branches:
Dungeon (11/15)            Temple (1/1) D:6             Orc (1/2) D:10
Ossuary (visited)
   Lair: D:8-11

Altars:
Ashenzari
Cheibriados
Dithmenos
Elyvilon
Fedhas
Gozag
Hepliaklqana
Kikubaaqudgha
Makhleb
Nemelex Xobeh
Okawaru
Qazlal
Ru
Sif Muna
Trog
Uskayaw
Vehumet
Wu Jian
Xom
Yredelemnul
Zin
The Shining One

Shops:
D:7 *

Annotations:
D:10 2 runed translucent doors, tish's ghost, journeyman DECj
D:11 Psyche


Innate Abilities, Weirdness & Mutations

You are immune to sickness and miasma.
Your stone body is resilient. (AC +8)
You are immune to poison.
You resist negative energy. (rN+)
You are resistant to electric shocks. (rElec)
You are resistant to unholy torment.
You are immune to petrification.


Message History

The magic dart hits you but does no damage.
You take 14 damage, and have 53/69 hp.
MASSIVE DAMAGE!!
Casting: Foxfire (safe; 1% risk of failure)
Confirm with . or Enter, or press ? or * to list all spells.
You feel a surge of power!
You conjure some foxfire!
The foxfire hits the orc warrior but does no damage. x2
The orc warrior hits you with a +0 hand axe.
Something hits you.
The orc priest calls down the wrath of Beogh upon you.
Beogh smites you!
The foxfire hits the orc!
Casting: Foxfire (safe; 1% risk of failure)
Confirm with . or Enter, or press ? or * to list all spells.
You feel a surge of power!
You conjure some foxfire!
The foxfire hits something.
You hear some strange, mumbled words.
A puff of flame appears from out of thin air!
The puff of flame hits you but does no damage.
The orc priest begins to cast a cantrip, but forgets the words!
The orc warrior closely misses you.
The orc warrior hits your foxfire with a +0 hand axe!
Casting: Foxfire (safe; 1% risk of failure)
Confirm with . or Enter, or press ? or * to list all spells.
You feel a surge of power!
You conjure some foxfire!
The foxfire hits the orc warrior.
The foxfire hits something.
Reactivating autopickup.
You feel a bit more experienced.
Casting: Foxfire (safe; 1% risk of failure)
Confirm with . or Enter, or press ? or * to list all spells.
You don't know that spell.
You take 10 damage, and have 43/69 hp.
You now have 19/25 mp.
The foxfire hits the orc warrior.
The foxfire hits the orc warrior but does no damage.
The troll bites you. The troll barely misses you.
The troll claws you but does no damage.
The orc priest hits you but does no damage.
The orc warrior barely misses you.
The orc wizard mumbles some strange words.
The orc wizard flickers and vanishes!
Deactivating autopickup; reactivate with Ctrl-A.
You climb upwards.
Welcome back to the Dungeon!
Level annotation: 2 runed translucent doors, tish's ghost, journeyman DECj Reactivating autopickup.
There is a staircase to the Orcish Mines here.
You take 1 damage, and have 42/69 hp.
You regained 2 mp, and now have 21/25 mp.
Casting: Foxfire (safe; 1% risk of failure)
Confirm with . or Enter, or press ? or * to list all spells.
You feel a surge of power!
Flames lash the orc warrior.
The orc warrior's fire resistance burns away.
The troll barely misses you. x2; The troll claws you but does no damage.
The orc warrior hits you with a +0 hand axe.
The orc priest hits you but does no damage.
You take 1 damage, and have 41/69 hp.
You now have 19/25 mp.
Casting: Scorch (safe; 1% risk of failure)
Confirm with . or Enter, or press ? or * to list all spells.
You feel a surge of power!
Flames lash the troll.
The troll's fire resistance burns away.
The troll bites you! The troll claws you but does no damage.
The troll barely misses you. The orc priest barely misses you.
The orc warrior hits you but does no damage.
You take 6 damage, and have 35/69 hp.
You now have 18/25 mp.
Casting: Scorch (safe; 1% risk of failure)
Confirm with . or Enter, or press ? or * to list all spells.
You feel a surge of power!
Flames lash the orc warrior.
The orc warrior is burned terribly!
The orc warrior closely misses you. The orc priest completely misses you.
The troll barely misses you. The troll claws you!
The troll claws you but does no damage.
You take 6 damage, and have 29/69 hp.
You now have 17/25 mp.
Casting: Scorch (safe; 1% risk of failure)
Confirm with . or Enter, or press ? or * to list all spells.
You feel a surge of power!
Flames lash the orc warrior.
The orc warrior is burned terribly!
The orc priest casts a cantrip, but nothing happens.
The troll bites you but does no damage. The troll claws you but does no damage.
The troll claws you.
You now have 15/25 mp.
Casting: Scorch (safe; 1% risk of failure)
Confirm with . or Enter, or press ? or * to list all spells.
You feel a surge of power!
Flames lash the orc priest.
The orc priest's fire resistance burns away.
The troll bites you! The troll closely misses you. The troll claws you.
* * * LOW HITPOINT WARNING * * *
The orc priest closely misses you.
You take 14 damage, and have 15/69 hp.
MASSIVE DAMAGE!!
You now have 14/25 mp.
Casting: Scorch (safe; 1% risk of failure)
Confirm with . or Enter, or press ? or * to list all spells.
You feel a surge of power!
Flames lash the orc priest.
The orc priest is burned terribly!
The troll is no longer more vulnerable to fire.
The orc priest misses you. The troll bites you but does no damage.
The troll closely misses you. The troll claws you!
* * * LOW HITPOINT WARNING * * *
You take 6 damage, and have 9/69 hp.
You now have 12/25 mp.
Casting: Scorch (safe; 1% risk of failure)
Confirm with . or Enter, or press ? or * to list all spells.
You feel a surge of power!
Flames lash the orc priest.
The orc priest is burned terribly!
The troll bites you!
* * * LOW HITPOINT WARNING * * *
The troll claws you.
You die...

##
##...)..........).[.........
#...........>...)..........
#.....)........[...........
#.###8'8#####8'8#####......
####......8......#######...
#.............#<.## ###.
#...⌠.._..⌠...##..## ##
#......T).....###..##
#.....)@......# ##..# #
##################..# #
###.#####........# ##
##..........####### .##
######..###......#
#.#####.....### #..###.##
#### ##..#......## ##..#
##.## ##... ###......##
##..## ##.## #.... #####..##
##..## ##.###..##


You could see a troll.

Vanquished Creatures
  Erica (D:8)
  An orc knight (D:10)
  A troll (D:10)
  2 hornets
  Prince Ribbit (D:8)
  Grinder (D:3)
  A shadow (D:9)
  2 wraiths
  12 yaks
  Grum (D:11)
  A wyvern (D:10)
  Eustachio (D:4)
  3 steam dragons
  2 acid dragons
  6 orc warriors
  2 ice beasts
  4 black bears
  5 sky beasts
  2 ogres
  2 wolves (D:11)
  3 centaurs (D:9)
  2 kobold brigands
  5 bullfrogs
  2 scorpions
  3 wights (D:8)
  5 howler monkeys
  2 hounds
  4 jellies
  2 gnoll boudas
  8 orc priests
  8 iguanas
  3 sleepcaps
  9 orc wizards
  3 mummies (Ossuary)
  12 gnolls
  9 adders
  2 white imps
  An ufetubus (D:5)
  2 worms (D:4)
  2 dart slugs (D:3)
  54 orcs
  A bat (D:2)
  7 endoplasms
  2 giant cockroaches (D:3)
  3 hobgoblins
  12 jackals
  9 kobolds
  2 ball pythons
  5 frilled lizards
  4 goblins
  3 goblin zombies (Ossuary)
  2 hobgoblin zombies (Ossuary)
  3 kobold zombies (Ossuary)
  4 rats
249 creatures vanquished.

Vanquished Creatures (others)
  988 foxfires
  3 fungi (D:11)
  6 plants (D:11)
997 creatures vanquished.

Grand Total: 1246 creatures vanquished

Notes
Turn   | Place    | Note
-------+----------+-------------------------------------------
     0 | D:1      | IndexError the Gargoyle Fire Elementalist began the quest
                  | for the Orb.
     0 | D:1      | Reached XP level 1. HP: 10/10 MP: 3/3
   439 | D:1      | Reached XP level 2. HP: 15/15 MP: 1/5
  1039 | D:2      | Reached XP level 3. HP: 19/19 MP: 0/7
  1331 | D:2      | Reached skill level 3 in Spellcasting
  1383 | D:2      | Reached skill level 4 in Fire Magic
  1383 | D:2      | Reached XP level 4. HP: 24/24 MP: 5/8
  1622 | D:2      | Identified the +4 scale mail "Suz Wynt" {Dex+8}
  2428 | D:3      | Learned a level 2 spell: Scorch
  2508 | D:3      | Reached XP level 5. HP: 28/28 MP: 5/10
  2618 | D:3      | HP: 5/28 [orc priest/divine providence (11)]
  2620 | D:3      | Noticed Grinder
  2957 | D:3      | Killed Grinder
  2958 | D:3      | Reached skill level 4 in Spellcasting
  2958 | D:3      | Reached skill level 5 in Fire Magic
  2958 | D:3      | Reached XP level 6. HP: 28/32 MP: 0/12
  3571 | D:4      | Reached XP level 7. HP: 36/36 MP: 7/14
  3731 | D:4      | Reached skill level 5 in Spellcasting
  3777 | D:4      | Reached skill level 6 in Fire Magic
  3865 | D:4      | Found a basalt altar of Yredelemnul.
  4181 | D:5      | Entered Level 5 of the Dungeon
  4443 | D:5      | Identified the ring of Dichaza {rPois rN+ Int+6}
  4600 | D:5      | Learned a level 3 spell: Volatile Blastmotes
  4748 | D:5      | Found an ancient bone altar of Kikubaaqudgha.
  4879 | D:5      | Reached skill level 6 in Spellcasting
  4879 | D:5      | Reached XP level 8. HP: 41/41 MP: 10/17
  4895 | D:5      | Noticed Eustachio
  4920 | D:5      | HP: 10/41 [quasit[Eustachio] (1)]
  4924 | D:4      | Killed Eustachio
  4925 | D:4      | Reached skill level 7 in Fire Magic
  5339 | D:6      | Identified a scroll of acquirement
  5402 | D:6      | Acquired the +2 pair of boots of Queto {rF+ Regen+}
  5438 | D:6      | Reached skill level 7 in Spellcasting
  5454 | D:6      | Reached skill level 8 in Fire Magic
  5482 | D:6      | Reached XP level 9. HP: 45/45 MP: 4/20
  5896 | D:6      | Identified the +2 robe "Miroyruf" {Fly rElec Str+3 Dex+4}
  6201 | D:6      | Found a staircase to the Ecumenical Temple.
  6211 | Temple   | Entered the Ecumenical Temple
  6420 | Temple   | Became a worshipper of Ashenzari the Shackled
  6686 | D:7      | Found a sand-covered staircase.
  6692 | D:7      | Reached skill level 8 in Spellcasting
  6692 | D:7      | Reached skill level 9 in Fire Magic
  6704 | Ossuary  | Entered an ossuary
  7205 | D:7      | Found Igifran's General Store.
  7330 | D:7      | Found a stormy altar of Qazlal.
  7544 | D:7      | Reached skill level 10 in Fire Magic
  7718 | D:7      | Learned a level 4 spell: Flame Wave
  7741 | D:8      | Reached skill level 9 in Spellcasting
  7748 | D:8      | Reached skill level 1 in Fighting
  7821 | D:8      | Found an ornate altar of the Wu Jian Council.
  7932 | D:8      | Noticed Erica
  7949 | D:8      | Reached skill level 2 in Fighting
  7949 | D:8      | Reached XP level 10. HP: 53/53 MP: 21/23
  7965 | D:8      | Killed Erica
  7966 | D:8      | Reached skill level 3 in Fighting
  8030 | D:8      | Reached skill level 4 in Fighting
  8080 | D:8      | Noticed Prince Ribbit
  8095 | D:8      | Killed Prince Ribbit
  8378 | D:8      | Learned a level 3 spell: Inner Flame
  8411 | D:8      | Reached skill level 5 in Fighting
  8411 | D:8      | Reached skill level 10 in Spellcasting
  8741 | D:9      | Reached skill level 6 in Fighting
  8935 | D:9      | Reached skill level 1 in Evocations
  8946 | D:9      | Reached skill level 2 in Conjurations
  9122 | D:9      | Reached skill level 2 in Evocations
  9137 | D:9      | Reached skill level 3 in Conjurations
  9139 | D:9      | Reached skill level 7 in Fighting
  9346 | D:9      | Identified the +5 ring mail of Aryrchen {+Blink rC+ Regen+}
  9590 | D:10     | Entered Level 10 of the Dungeon
  9699 | D:10     | Found a runed translucent door.
  9708 | D:10     | Found a runed translucent door.
  9720 | D:10     | Got the Anthology of Incandescence and the Congregation
  9787 | D:10     | Reached skill level 4 in Conjurations
  9787 | D:10     | Reached skill level 3 in Evocations
  9787 | D:10     | Reached XP level 11. HP: 68/68 MP: 10/25
  9845 | D:10     | Noticed a skeletal warrior
  9944 | D:10     | Noticed a wolf spider
  9949 | D:10     | Noticed a lich
  9959 | D:10     | Noticed tish's ghost (journeyman DECj)
  9965 | D:10     | Noticed an ogre mage
  9967 | D:10     | Noticed a deep elf knight
  9968 | D:10     | Noticed a necromancer
 10238 | D:10     | Found a blossoming altar of Fedhas.
 10238 | D:10     | Found a hazy altar of Hepliaklqana.
 10238 | D:10     | Found a glowing silver altar of Zin.
 10460 | D:10     | Noticed an orc knight
 10508 | D:10     | Killed an orc knight
 10509 | D:10     | Reached skill level 8 in Fighting
 10509 | D:10     | Reached skill level 5 in Conjurations
 10509 | D:10     | Reached skill level 4 in Evocations
 10569 | D:10     | Found a staircase to the Orcish Mines.
 11120 | D:11     | Noticed Grum
 11128 | D:11     | Killed Grum
 11187 | D:11     | Noticed Psyche
 11428 | D:11     | Noticed a skeletal warrior
 11456 | Orc:1    | Entered Level 1 of the Orcish Mines
 11476 | D:10     | HP: 15/69 [troll (6)]
 11478 | D:10     | HP: 2/69 [troll (9)]
 11478 | D:10     | Slain by a troll

Illustrated notes

Levels and vault maps discovered:
D:1:      saegor_arrival_simple_b, layout_loops_ring
D:2:      layout_loops_ring, kennysheep_boxes
D:3:      kb_forest_paths, layout_basic, chequers_serial_rivers_room_a,
          uniq_grinder
D:4:      layout_cave_pools, kennysheep_mini_moat,
          nicolae_elevator_lobby_asterisk
D:5:      layout_gridville, mainiacjoe_overflow_six_doors_small, uniq_eustachio
D:6:      layout_loops_corners, minmay_temple_entry_ruins,
          minmay_increasing_density
D:7:      layout_cave_pools, general_overflow_altar,
          nicolae_ossuary_entry_monument, serial_shops, nicolae_take_the_stairs,
          kennysheep_generic_room_2
D:8:      layout_cave_pods, nicolae_wu_jian_wuxing_cycle, uniq_erica,
          uniq_prince_ribbit1
D:9:      layout_basic, minmay_misc_feat_nine_boxes, hangedman_decor_points
D:10:     layout_layer_cave, minitemple, david_orc_5,
          muffindrake_ghost_dual_entry
D:11:     layout_irregular_city, grunt_lair_entry_orc_guard_hut, uniq_amaemon,
          uniq_psyche, uniq_grum
Temple:   regret_index_temple_generic_petals
Orc:1:    layout_diamond_mine, basic_altar, uniq_snorg

Skill      XL: |  1  2  3  4  5  6  7  8  9 10 11 |
---------------+----------------------------------+-----
Spellcasting   | 3 4 6 7 9 10 | 10.0
Fire Magic     | 4 5 6 8 10 | 10.0
Fighting       | 2 7 8 |  8.5
Evocations     | 3 4 |  4.5
Conjurations   | 4 5 |  5.7
Dodging        | |  1.5
Stealth        | |  2.1

Action                     |  1- 3 |  4- 6 |  7- 9 | 10-12 || total
---------------------------+-------+-------+-------+-------++-------
  Melee: Mace              |    22 |       |       |       ||    22
         Dagger            |    15 |    51 |    51 |     2 ||   119
         Punch             |       |     1 |       |       ||     1
   Cast: Foxfire           |    28 |    43 |   242 |   258 ||   571
         Scorch            |       |     9 |    46 |    50 ||   105
         Volatile Blastmot |       |       |     4 |    13 ||    17
         Inner Flame       |       |       |       |     8 ||     8
 Invoke: Curse Item        |       |       |       |     1 ||     1
    Use: Scroll            |       |       |    20 |     7 ||    27
   Stab: Sleeping          |     1 |     2 |       |       ||     3
 Armour: Robe              |     6 |    14 |    68 |    28 ||   116
         Ring mail         |       |       |       |    55 ||    55
  Dodge: Dodged            |    30 |    32 |    65 |    76 ||   203

Table legend: (Time is in decaauts)
 A = Elapsed time spent in this place.
 B = Non-inter-level travel time spent in this place.
 C = Inter-level travel time spent in this place.
 D = Time resting spent in this place.
 E = Time spent auto-exploring this place.
 F = Levels seen in this place.
 G = Mean time per level.
                   A        B        C        D        E       F      G
               +--------+--------+--------+--------+--------+-----+--------+
         Total |  11583 |  10535 |   1048 |    267 |   8341 |  14 |  827.4 |
       Dungeon |  10959 |   9988 |    971 |    267 |   7902 |  11 |  996.3 |
        Temple |    237 |    160 |     77 |      0 |    154 |   1 |  237.0 |
  Orcish Mines |     14 |     14 |      0 |      0 |      0 |   1 |   14.0 |
       Ossuary |    371 |    371 |      0 |      0 |    285 |   1 |  371.0 |
               +--------+--------+--------+--------+--------+-----+--------+

Top non-repeatable levels by time:
     D:3: 1500 daAuts
    D:10: 1491 daAuts
     D:6: 1071 daAuts
     D:2: 1047 daAuts
     D:8: 993 daAuts
     D:1: 984 daAuts
     D:5: 980 daAuts
     D:4: 947 daAuts
     D:9: 927 daAuts
     D:7: 725 daAuts
 Ossuary: 371 daAuts
    D:11: 290 daAuts
  Temple: 237 daAuts
   Orc:1: 14 daAuts

Table legend:
 A = Kills in this place as a percentage of kills in the entire game.
 B = Kills by you in this place as a percentage of kills by you in the entire game.
 C = Kills by friends in this place as a percentage of kills by friends in the entire game.
 D = Other kills in this place as a percentage of other kills in the entire game.
 E = Experience gained in this place as a percentage of experience gained in the entire game.
 F = Experience gained in this place divided by the number of levels of this place that you have seen.
                   A       B       C       D       E      F
               +-------+-------+-------+-------+-------+----------------------
         Total | 100.0 | 100.0 |   N/A |   N/A | 100.0 | 983.4
       Dungeon |  93.6 |  93.6 |   N/A |   N/A |  97.7 | 1223.2
  Orcish Mines |   1.6 |   1.6 |   N/A |   N/A |   0.3 |  42.0
       Ossuary |   4.8 |   4.8 |   N/A |   N/A |   2.0 | 271.0
               +-------+-------+-------+-------+-------+----------------------
